 Dungeon Crawl Stone Soup version 0.27-a0-550-ge92ec0ca06 (webtiles) character file.

Game seed: 11601914176623803649

1867106 tsouns the Slayer (level 27, 296/296 HPs)
             Began as a Demonspawn Venom Mage on Mar 1, 2021.
             Was the Champion of Dithmenos.
             Escaped with the Orb
             ... and 4 runes on Mar 8, 2021!
             The game lasted 05:55:49 (112216 turns).

tsouns the Slayer (Demonspawn Venom Mage)         Turns: 112216, Time: 05:55:50

Health: 296/296    AC: 35    Str: 18    XL:     27
Magic:  43/55      EV: 35    Int: 39    God:    Dithmenos [******]
Gold:   4393       SH: 13    Dex: 18    Spells: 12/65 levels left

rFire    + . .     SeeInvis +   L - +10 mace of Sequestration {venom, Will+ Int+7}
rCold    + . .     Faith    .   H - +3 buckler {AC+3}
rNeg     + + .     Spirit   .   q - +5 faerie dragon scales {rElec rCorr Str+3 Int-2 Stlth+}
rPois    .         Reflect  .   (helmet unavailable)
rElec    +         Harm     .   Q - +2 cloak
rCorr    +         Rampage  .   T - +2 pair of gloves "Vool" {rElec rC+ rN++}
Will     +++..     Clarity  +   J - +2 pair of boots
Stlth    ++++......             F - amulet "Sixaek" {Acrobat rF+ Str+4 SInv}
HPRegen  0.59/turn              N - ring "Alij" {MP+9 Str+4 Int+6 Dex+3}
MPRegen  0.34/turn              P - ring of the Hare {EV+8}

@: wreathed by umbra, studying 2 skills, repel missiles
A: horns 3, repulsion field 3, blink, blurry vision 2, clarity, demonic guardian
3, icemail 2, sense surroundings 1, robust 3, screaming 1, weak 1, MP-powered
wands, condensation shield
0: Orb of Zot
}: 4/15 runes: barnacled, slimy, silver, gossamer
a: Blink, Renounce Religion, Shadow Step, Shadow Form


You escaped.
You worshipped Dithmenos.
Dithmenos was exalted by your worship.
You visited 15 branches of the dungeon, and saw 66 of its levels.
You visited the Abyss 2 times.
You visited 1 bazaar.
You also visited: Sewer, Ossuary, Bailey and Gauntlet.

You collected 10752 gold pieces.
You spent 6359 gold pieces at shops.

Inventory:

Hand Weapons
 L - the +10 mace of Sequestration (weapon) {venom, Will+ Int+7}
   (You found it on level 11 of the Dungeon)

   It poisons the flesh of those it strikes.
   It affects your intelligence (+7).
   It affects your willpower, your defense against some magical effects.
 Z - the +10 morningstar "Eos" {elec, Halo rElec}
   (You took it off a merfolk on level 4 of the Shoals)

   Occasionally, upon striking a foe, it can discharge electrical energy and
   cause terrible harm.
   It insulates you from electricity.
Missiles
 s - 53 javelins (quivered)
 A - 16 curare-tipped darts
Armour
 q - the +5 faerie dragon scales (worn) {rElec rCorr Str+3 Int-2 Stlth+}
   (You took it off the Enchantress on level 4 of the Depths)

   It affects your strength (+3).
   It affects your intelligence (-2).
   It insulates you from electricity.
   It provides partial protection from all sources of acid and corrosion.
   It makes you more stealthy.
 H - a +3 buckler of protection (worn)
 J - a +2 pair of boots (worn)
 Q - a +2 cloak (worn)
 T - the +2 pair of gloves "Vool" (worn) {rElec rC+ rN++}
   (You found it on level 5 of the Vaults)

   It protects you from cold.
   It insulates you from electricity.
   It greatly protects you from negative energy.
Jewellery
 F - the amulet "Sixaek" (around neck) {Acrobat rF+ Str+4 SInv}
   (You took it off an orc wizard on level 6 of the Dungeon)

   [amulet of the acrobat]

   It helps you evade while moving and waiting.
   It affects your strength (+4).
   It protects you from fire.
   It lets you see invisible.
 N - the ring "Alij" (left hand) {MP+9 Str+4 Int+6 Dex+3}
   (You bought it in a shop on level 4 of the Depths)

   [ring of intelligence]

   It affects your strength (+4).
   It affects your intelligence (+6).
   It affects your dexterity (+3).
   It affects your magic capacity (+9).
 P - the ring of the Hare (right hand) {EV+8}
   (You bought it in a shop in a bazaar)

   [ring of evasion]

   It affects your evasion (+8).
Wands
 e - a wand of charming (12)
 r - a wand of digging (24)
 y - a wand of mindburst (42)
 B - a wand of paralysis (56)
 M - a wand of acid (13)
 O - a wand of iceblast (11)
 V - a wand of polymorph (26)
Scrolls
 c - 19 scrolls of teleportation
 i - 14 scrolls of amnesia
 m - 5 scrolls of silence
 w - 13 scrolls of fog
 D - 7 scrolls of blinking
 G - 50 scrolls of identify
 R - 11 scrolls of fear
 U - 7 scrolls of enchant armour
 W - 10 scrolls of magic mapping
 X - 4 scrolls of summoning
Potions
 a - 9 potions of flight
 b - 3 potions of haste
 d - 3 potions of heal wounds
 g - 8 potions of ambrosia
 j - 2 potions of mutation
 l - 8 potions of brilliance
 n - 3 potions of resistance
 o - 22 potions of curing
 v - a potion of magic
 z - 2 potions of might
 K - 3 potions of cancellation
 S - a potion of invisibility
Miscellaneous
 f - a lightning rod (4/4)
 h - a condenser vane
 k - a tin of tremorstones (2/2)
 p - a box of beasts
 t - a phial of floods
 I - a phantom mirror


   Skills:
 + Level 21.3 Fighting
 - Level 6.1(10.7) Axes
 - Level 13.5(14.0) Maces & Flails
 - Level 10.9 Armour
 + Level 18.1 Dodging
 - Level 14.2 Stealth
 - Level 5.3 Shields
 - Level 19.7 Spellcasting
 - Level 16.4 Conjurations
 - Level 6.5 Summonings
 - Level 3.7 Transmutations
 + Level 15.8 Fire Magic
 - Level 1.5 Air Magic
 - Level 3.4 Earth Magic
 - Level 5.1 Poison Magic
 - Level 20.9 Invocations
 - Level 7.6 Evocations


You had 12 spell levels left.
You knew the following spells:

 Your Spells              Type           Power      Damage    Failure   Level
a - Sting                 Tmut/Pois      100%       1d8       1%          1
b - Poisonous Vapours     Pois/Air       100%       N/A       1%          2
c - Mephitic Cloud        Conj/Pois/Air  78%        N/A       1%          3
d - Olgreb's Toxic Radia  Pois           68%        N/A       1%          4
e - Ignite Poison         Fire/Tmut/Pois 80%        N/A       1%          3
f - Sticky Flame          Conj/Fire      100%       2d11      0%          4
g - Fireball              Conj/Fire      52%        3d20      1%          5
h - Alistair's Intoxicat  Tmut/Pois      43%        N/A       3%          5
i - Eringya's Noxious Bo  Tmut/Pois      32%        N/A       22%         6
j - Bolt of Magma         Conj/Fire/Erth 46%        4d19      1%          5
k - Spellforged Servitor  Conj/Summ      45%        N/A       7%          7
l - Ignition              Fire           52%        3d14      9%          8

Your spell library contained the following spells:

 Spells                   Type           Power      Damage    Failure   Level
 Foxfire                  Conj/Fire      100%       2x1d9     0%          1
 Magic Dart               Conj           100%       1d8       0%          1
 Searing Ray              Conj           100%       3d7       0%          2
 Conjure Flame            Conj/Fire      100%       6-21      0%          3
 Animate Skeleton         Necr           76%        N/A       1%          1
 Beastly Appendage        Tmut           100%       N/A       1%          1
 Corona                   Hex            42%        N/A       1%          1
 Freeze                   Ice            100%       1d11      1%          1
 Pain                     Necr           100%       1d9       1%          1
 Sandblast                Erth           100%       2d20      1%          1
 Shock                    Conj/Air       100%       1d9       1%          1
 Summon Small Mammal      Summ           100%       N/A       1%          1
 Blink                    Tloc           N/A        N/A       1%          2
 Call Imp                 Summ           73%        N/A       1%          2
 Corpse Rot               Necr/Air       N/A        N/A       1%          2
 Ensorcelled Hibernation  Hex/Ice        76%        N/A       1%          2
 Passwall                 Tmut/Erth      50%        N/A       1%          2
 Slow                     Hex            38%        N/A       1%          2
 Sublimation of Blood     Necr           19%        N/A       1%          2
 Swiftness                Air            50%        N/A       1%          2
 Wereblood                Tmut           61%        N/A       1%          2
 Call Canine Familiar     Summ           73%        N/A       1%          3
 Dazzling Flash           Conj/Hex       100%       N/A       1%          3
 Inner Flame              Hex/Fire       79%        N/A       1%          3
 Spider Form              Tmut/Pois      32%        N/A       1%          3
 Static Discharge         Conj/Air       83%        N/A       1%          3
 Stone Arrow              Conj/Erth      100%       3d13      1%          3
 Summon Guardian Golem    Hex/Summ       59%        N/A       1%          3
 Animate Armour           Summ/Erth      100%       N/A       1%          4
 Fulminant Prism          Conj/Hex       40%        3d20      1%          4
 Hailstorm                Conj/Ice       80%        3d16      1%          4
 Iskenderun's Mystic Bla  Conj/Tloc      80%        2d16      1%          4
 Petrify                  Tmut/Erth      61%        N/A       1%          4
 Summon Lightning Spire   Summ/Air       63%        N/A       1%          4
 Irradiate                Conj/Tmut      43%        3d28      1%          5
 Iskenderun's Battlesphe  Conj           100%       2d15      1%          5
 Lightning Bolt           Conj/Air       41%        1d60      1%          5
 Starburst                Conj/Fire      52%        8x6d14    1%          6
 Orb of Destruction       Conj           52%        9d16      1%          7
 Confusing Touch          Hex            38%        N/A       2%          3
 Gell's Gravitas          Tloc           19%        N/A       2%          3
 Lesser Beckoning         Tloc           19%        N/A       2%          3
 Portal Projectile        Hex/Tloc       76%        N/A       2%          3
 Tukima's Dance           Hex            38%        N/A       2%          3
 Vampiric Draining        Necr           19%        2d8       2%          3
 Summon Ice Beast         Ice/Summ       59%        N/A       2%          4
 Iron Shot                Conj/Erth      43%        9d8       2%          6
 Conjure Ball Lightning   Conj/Air       41%        3x3d13    3%          6
 Airstrike                Air            25%        N/A       4%          4
 Ice Form                 Ice/Tmut       52%        N/A       4%          4
 Leda's Liquefaction      Hex/Erth       25%        N/A       4%          4
 Blade Hands              Tmut           30%        N/A       4%          5
 Lee's Rapid Deconstruct  Erth           30%        3d17*     6%          5
 Summon Forest            Summ/Tloc      29%        N/A       6%          5
 Summon Mana Viper        Hex/Summ       59%        N/A       6%          5
 Animate Dead             Necr           19%        N/A       9%          4
 Cause Fear               Hex            19%        N/A       9%          4
 Dispel Undead            Necr           38%        3d16      9%          4
 Shadow Creatures         Summ           N/A        N/A       9%          6
 Yara's Violent Unravell  Hex/Tmut       26%        3d11      11%         5
 Borgnjor's Vile Clutch   Necr/Erth      25%        N/A       12%         5
 Silence                  Hex/Air        22%        N/A       17%         5
 Agony                    Necr           38%        N/A       24%         5
 Excruciating Wounds      Necr           19%        N/A       24%         5
 Hydra Form               Tmut           30%        N/A       28%         6
 Monstrous Menagerie      Summ           36%        N/A       45%         7
 Summon Hydra             Summ           36%        N/A       45%         7
 Death Channel            Necr           19%        N/A       78%         6
 Invisibility             Hex            38%        N/A       78%         6
 Simulacrum               Ice/Necr       19%        N/A       78%         6
 Dragon Form              Tmut           30%        N/A       83%         7
 Haunt                    Necr/Summ      29%        N/A       88%         7
 Malign Gateway           Summ/Tloc      29%        N/A       88%         7
 Summon Horrible Things   Summ           36%        N/A       98%         8
 Discord                  Hex            19%        N/A       100%        8
 Dragon's Call            Summ           36%        N/A       100%        9
 Tornado                  Air            25%        N/A       100%        9


Dungeon Overview and Level Annotations

Branches:
Dungeon (15/15)            Temple (1/1) D:5            Lair (6/6) D:11
 Shoals (4/4) Lair:2       Spider (4/4) Lair:4        Slime (5/5) Lair:5
    Orc (2/2) D:10            Elf (3/3) Orc:2        Vaults (5/5) D:13
  Crypt (3/3) Vaults:3       Tomb (0/3) Crypt:3      Depths (5/5) D:15
   Hell (visited)             Dis (0/7) Hell            Geh (0/7) Hell
    Coc (5/7) Hell            Tar (3/7) Hell            Zot (5/5) Depths:5
  Sewer (visited)         Ossuary (visited)          Bailey (visited)
Gauntlet (visited)

Altars:
Ashenzari
Cheibriados
Dithmenos
Elyvilon
Fedhas
Gozag
Hepliaklqana
Kikubaaqudgha
Makhleb
Nemelex Xobeh
Okawaru
Qazlal
Ru
Sif Muna
Trog
Uskayaw
Vehumet
Wu Jian
Xom
Yredelemnul
Zin
The Shining One
Beogh
Jiyva
Lugonu

Shops:
D:15 *   Orc:2 [*(:   Elf:2 (   Shoals:3 [[[?   Vaults:1 ((*   Vaults:3 (
Depths:1 [   Depths:2 ?![[   Depths:4 =

Portals:
Hell: Depths:1 Depths:2 Depths:3 Depths:4 Depths:5
Abyss: Elf:2 Depths:4 Depths:5
Pandemonium: Depths:3 Depths:4
Ziggurat: Depths:2

Annotations:
D:4 2 transporters


Innate Abilities, Weirdness & Mutations

You have a pair of large horns on your head.
You are surrounded by a strong repulsion field. (EV +4, RMsl)
A powerful demonic guardian rushes to your aid.
A meltable icy envelope protects you from harm. (AC +8)
You are extremely robust. (+30% HP)
A meltable shield of frost defends you. (SH +4)
You can translocate small distances at will.
Scrolls take you longer to read.
You possess an exceptional clarity of mind.
You passively map a small area around you.
You occasionally shout uncontrollably at your foes.
You are weak. (Str -2)
You expend magic power (3 MP) to strengthen your wands.


Message History

The soul eater looks as sick as possible!
The soul eater is lightly wounded.
Your shadow closely misses the soul eater.
The soul eater misses you.
You barely miss the soul eater.
The soul eater is lightly wounded.
You block the soul eater's attack.
You sock the soul eater!
The soul eater is moderately wounded.
Your shadow hits the soul eater with a mace.
You thump the soul eater!
The soul eater looks as sick as possible!
You headbutt the soul eater, but do no damage.
The soul eater is heavily wounded.
Your shadow barely misses the soul eater.
The soul eater completely misses you.
You hit the soul eater but do no damage.
The soul eater is heavily wounded.
The soul eater hits you but does no damage.
You closely miss the soul eater.
The soul eater is heavily wounded.
You sock the soul eater!
You headbutt the soul eater, but do no damage.
The soul eater is severely wounded.
You block the soul eater's attack.
You thump the soul eater!
You kill the soul eater!
Dithmenos accepts your kill.
(D) Dungeon (T) Temple (L) Lair (A) Shoals (N) Spider Nest (M) Slime Pits (O) Orcish Mines (E) Elven Halls (V) Vaults (C) Crypt (W) Tomb (U) Depths (H) Hell (I) Dis (G) Gehenna (X) Cocytus (Y) Tartarus (Z) Zot
Where to? (Enter - D:1 @ (x,y), ? - help)
What level of the Dungeon? (default 1, ? - help) You're already here!
HP restored.
There is an open door here.
There is a staircase leading out of the dungeon here.
You have escaped!

## ###.########..####........####
.# #......# #............#.##..
.# #.#.##.# ##......#.##.#.#...
.# #.#.##.#### #####..#....#.#...
.# #.#.......## #..#.##.#.#... .#
#.####.#...# #............# .#
#.####.##'## ##........##..
)###......##.##### ###.#########
#.##########....@# #.# ...#
#>##### ####.### ####
..##################......# #...
..###................###..####...
#................................
..###................#....####...
#.# #####.#...#.####.#.##.# #...
#.## #.#...#.# #.#.##.# #### #..#
#.#...#.# #......#


There were no monsters in sight!

Vanquished Creatures
  the Royal Jelly (Slime:5)
  4 dread liches
  5 orbs of fire
  2 ancient liches
  Bai Suzhen (Vaults:5)
  Sojobo (Crypt:2)
  Boris (Crypt:2)
  3 Killer Klowns (Zot:5)
  Geryon (Hell)
  3 golden dragons
  Jory (Depths:4)
  A profane servitor (Abyss:3)
  the Enchantress (Depths:4)
  5 bone dragons
  A doom hound (Tar:1)
  3 electric golems
  4 Tzitzimimeh
  Jorgrun (Elf:1)
  16 tentacled monstrosities
  2 Ice Fiends
  19 Orb Guardians
  9 liches
  3 deep elf master archers (Elf:3)
  4 deep elf blademasters (Elf:3)
  3 titans
  Polyphemus (Shoals:4)
  3 quicksilver dragons
  18 acid blobs
  2 Executioners (Abyss:3)
  2 death cobs
  2 krakens
  2 ancient champions
  Agnes (Elf:1)
  6 tentacled starspawn
  6 sphinxes
  10 storm dragons
  5 tengu reavers
  7 draconian monks
  6 shadow dragons
  Gastronok (D:12)
  Kirke (Shoals:4)
  9 azure jellies
  A blood saint (D:6)
  2 revenants
  17 frost giants
  Aizul (Lair:2)
  4 deep elf sorcerers
  13 vault wardens
  8 fire giants
  2 ghost moths (Spider:4)
  3 iron dragons
  5 balrugs
  Louise (Spider:4)
  3 draconian shifters
  A cacodemon (Abyss:3)
  2 war gargoyles (Vaults:5)
  7 draconian scorchers
  3 angels
  3 deep elf elementalists
  3 curse skulls
  4 emperor scorpions
  2 draconian annihilators
  19 stone giants
  3 spriggan defenders (Depths:4)
  2 ghouls (Crypt:2)
  13 ironheart preservers
  16 reapers
  6 draconian stormcallers
  31 very ugly things
  4 vampire knights
  7 black draconians
  9 deep elf annihilators
  A black sun (D:3)
  Nessos (D:15)
  5 deep elf demonologists
  4 white draconians
  An entropy weaver (shapeshifter) (Vaults:4)
  28 starcursed masses
  A bunyip (shapeshifter) (Vaults:5)
  A lorocyproca (D:4)
  5 entropy weavers
  5 green draconians
  Azrael (D:12)
  A dire elephant (D:15)
  4 yellow draconians
  11 purple draconians
  A minotaur (Gauntlet)
  10 red draconians
  9 spark wasps
  7 blizzard demons
  2 merfolk javelineers (Shoals:4)
  8 deep elf death magi
  8 eidola
  A mummy priest (Crypt:3)
  A green death (Hell)
  24 ettins
  11 fire dragons
  5 merfolk impalers
  9 death oozes
  11 jiangshi
  24 vault guards (Vaults:5)
  11 great orbs of eyes
  12 yaktaur captains
  5 spriggan air magi
  2 quicksilver dragon skeletons
  20 boulder beetles
  2 naga warriors (Abyss:2)
  14 rakshasas
  5 ogre magi
  17 ice dragons
  4 death knights
  3 merfolk avatars
  10 centaur warriors
  A hell beast (D:8)
  7 satyrs
  3 merfolk aquamancers
  6 catoblepae
  7 hydras
  21 two-headed ogres
  2 alligator snapping turtles
  5 deep troll shamans
  5 hell hogs
  28 dancing weapons
  4 orc high priests (Orc:2)
  6 vampire magi
  10 thrashing horrors
  A queen ant (shapeshifter) (Vaults:5)
  9 spriggan berserkers
  Urug (D:10)
  5 tengu warriors
  2 deep troll earth magi
  10 death yaks
  2 storm dragon zombies (Crypt:3)
  17 soul eaters
  3 titan zombies
  Nergalle (D:10)
  6 hell knights
  8 sun demons
  The ghost of DavidChitty2 the Cleaver, a novice MiFi of Okawaru (D:7)
  A spatial maelstrom (Abyss:3)
  4 wretched stars
  22 deep elf knights
  A sixfirhy (Abyss:3)
  5 shadow wraiths
  2 iron trolls (Depths:3)
  11 sea snakes
  A ghost moth zombie (Spider:1)
  23 skeletal warriors
  2 death drakes
  A kraken simulacrum (Hell)
  14 deep trolls
  3 storm dragon skeletons
  5 unseen horrors
  4 anaconda zombies
  11 ironbrand convokers
  An unseen horror (shapeshifter) (Vaults:4)
  14 glowing orange brains
  5 flayed ghosts
  10 deep elf archers
  A swamp dragon (Abyss:3)
  21 harpies
  A lindwurm (Lair:6)
  3 torturous demonspawn
  3 anaconda skeletons
  8 wizards
  18 orc knights
  A wolf spider zombie (D:12)
  33 deep elf pyromancers
  24 phantasmal warriors
  19 deep elf zephyrmancers
  An iron dragon zombie (Crypt:3)
  2 frost giant zombies
  2 mana vipers (Abyss:3)
  A harpy (shapeshifter) (Elf:1)
  2 salamanders
  17 orb spiders
  A lindwurm (shapeshifter) (Vaults:4)
  28 fauns
  A shadow dragon skeleton (Tar:1)
  A worldbinder (Abyss:3)
  A faun (shapeshifter) (Vaults:5)
  8 cyclopes
  A shining eye (Slime:1)
  40 wolf spiders
  17 necromancers
  2 iron dragon skeletons
  7 orc sorcerers
  2 stone giant zombies
  50 ugly things
  A manticore (shapeshifter) (Depths:2)
  A will-o-the-wisp (Abyss:3)
  13 manticores
  2 fire giant skeletons
  A sphinx skeleton (Vaults:5)
  7 merfolk sirens
  8 elephants
  4 ice statues
  A guardian serpent (shapeshifter) (Depths:3)
  2 rust devils (Depths:4)
  17 moths of wrath
  2 apocalypse crabs (Abyss:3)
  A dire elephant zombie (Crypt:3)
  5 black mambas
  4 frost giant skeletons
  A guardian serpent (Abyss:2)
  An eye of devastation (Lair:5)
  9 smoke demons
  A stone giant skeleton (Crypt:3)
  7 water nymphs
  2 orange demons (Abyss:3)
  4 torpor snails
  A storm dragon simulacrum (Hell)
  Maggie (Lair:2)
  7 cane toads
  14 vault sentinels
  A gargoyle (D:10)
  A molten gargoyle (Depths:1)
  A catoblepas zombie (Crypt:3)
  4 efreet
  5 kobold demonologists
  A yaktaur zombie (Vaults:5)
  5 rime drakes
  7 hellions
  3 tengu conjurers
  9 ice devils
  9 komodo dragons
  2 redback zombies (Spider:1)
  5 tormentors
  An anaconda simulacrum (Hell)
  24 demonic crawlers
  17 freezing wraiths
  A grey draconian skeleton (Crypt:2)
  18 yaktaurs
  A guardian mummy (Crypt:3)
  4 red devils
  18 hellwings
  A troll (shapeshifter) (Abyss:2)
  A catoblepas skeleton (Crypt:3)
  A polar bear (Lair:2)
  7 ancient zymes
  40 jumping spiders
  A black draconian skeleton (Crypt:1)
  5 trolls
  9 meliai
  A harpy zombie (Crypt:2)
  6 hydra zombies
  A polar bear (shapeshifter) (Abyss:3)
  11 hornets
  2 wolf spider simulacra
  6 tyrant leeches
  36 raiju
  24 merfolk
  A tengu simulacrum (Vaults:1)
  2 harpy skeletons (Crypt:3)
  A raiju (shapeshifter) (Vaults:4)
  4 wind drakes
  A hydra skeleton (Crypt:3)
  A shadow dragon simulacrum (Abyss:3)
  2 alligator zombies
  Prince Ribbit (D:7)
  2 meliai zombies
  A dream sheep (shapeshifter) (Vaults:5)
  A tarantella zombie (Spider:1)
  3 fire giant simulacra
  3 fire dragon zombies
  7 snapping turtles
  10 blink frogs
  A boulder beetle zombie (Spider:1)
  16 dream sheep
  A frost giant simulacrum (Vaults:5)
  103 slime creatures
  A black mamba zombie (Hell)
  A snapping turtle (shapeshifter) (Depths:4)
  57 tarantellas
  An ettin zombie (Hell)
  A redback (shapeshifter) (Vaults:5)
  6 shadows
  A shock serpent simulacrum (Hell)
  A spriggan skeleton (Depths:1)
  A fire dragon skeleton (Crypt:2)
  17 flying skulls
  16 water elementals
  80 redbacks
  2 ice dragon skeletons
  5 air elementals
  A vampire (D:15)
  An ettin skeleton (Tar:3)
  12 wraiths
  6 fire bats
  A spriggan (shapeshifter) (Vaults:1)
  4 spriggans (Depths:4)
  9 ynoxinuls
  Eustachio (D:5)
  An ushabti (Crypt:3)
  2 wyverns
  14 fire elementals
  A hog (shapeshifter) (Depths:3)
  59 yaks
  2 alligator skeletons (Hell)
  2 golden eyes (Abyss:3)
  13 humans (D:13)
  5 chaos spawn
  9 large abominations
  2 steam dragons
  3 basilisks
  8 neqoxecs
  9 vampire mosquitoes
  A spatial vortex (Abyss:3)
  3 nagas (Abyss:2)
  6 wargs
  A merfolk zombie (Crypt:1)
  10 soldier ants
  Edmund (D:6)
  A glowing shapeshifter zombie (Crypt:2)
  A soldier ant (shapeshifter) (Vaults:4)
  An acid dragon (D:11)
  13 water moccasins
  11 hell hounds
  An orb spider zombie (Spider:1)
  A hydra simulacrum (Coc:1)
  A water nymph skeleton (Crypt:1)
  A floating eye (Depths:4)
  Duvessa (D:4)
  A torturous demonspawn skeleton (Crypt:1)
  2 cane toad skeletons (Coc:5)
  6 eyes of draining
  55 orc warriors
  4 sky beasts
  2 hornet zombies
  14 ice beasts
  A manticore zombie (Crypt:3)
  6 black bears
  A swamp dragon zombie (Crypt:3)
  2 elephant zombies (Lair:5)
  22 ogres
  31 centaurs
  3 snapping turtle zombies
  3 boggarts (Vaults:3)
  3 necrophages
  9 wolves
  2 snapping turtle skeletons
  A rime drake zombie (Crypt:2)
  16 small abominations
  3 elf zombies (Ossuary)
  5 phantoms
  A komodo dragon zombie (Lair:5)
  A fire crab zombie (Crypt:1)
  10 kobold brigands
  A spectral wyvern (Gauntlet)
  26 bullfrogs
  An earth elemental (Elf:1)
  A water moccasin zombie (D:11)
  10 wyvern skeletons
  Dowan (D:4)
  9 scorpions
  A spriggan zombie (Hell)
  8 killer bees
  20 wights
  10 electric eels
  3 howler monkeys
  A crimson imp (Depths:4)
  5 jellies
  2 basilisk zombies
  A bullfrog zombie (Crypt:1)
  6 centaur skeletons
  29 orc priests
  5 hounds
  3 quasits
  3 iguanas
  3 human zombies
  2 iron imps
  Ijyb (D:5)
  Terence (D:2)
  31 orc wizards
  4 hell rats (Hell)
  A human skeleton (Crypt:3)
  25 worker ants
  An ogre zombie (Crypt:3)
  2 hound zombies (Ossuary)
  A naga skeleton (Crypt:2)
  4 hound skeletons
  6 mummies
  Robin (D:2)
  8 adders
  3 shadow imps
  9 white imps
  6 ufetubi
  7 oozes
  An adder zombie (Ossuary)
  4 worms
  4 dart slugs
  4 leopard geckos
  134 orcs
  5 giant cockroaches
  A gnoll zombie (Ossuary)
  13 goblins
  12 hobgoblins
  9 jackals
  5 quokkas
  6 ball pythons
  6 bats
  6 frilled lizards
  A frilled lizard zombie (Crypt:2)
  5 goblin zombies (Ossuary)
  3 hobgoblin zombies (Ossuary)
  A jackal skeleton (D:5)
  31 kobolds
  4 kobold zombies (Ossuary)
  A leopard gecko skeleton (D:7)
  2 orc zombies (Ossuary)
  5 quokka zombies (Ossuary)
  14 rats
  A rat zombie (Ossuary)
  A lurking horror (Elf:2)
  8 starspawn tentacles (Abyss:3)
  A tentacle (Hell)
3034 creatures vanquished.

Vanquished Creatures (collateral kills)
  An orb of fire (Zot:5)
  An ancient lich (Zot:5)
  Saint Roka (Elf:3)
  Nikola (Spider:4)
  A Tzitzimitl (Tar:3)
  A doom hound (Tar:1)
  3 Orb Guardians (Zot:5)
  6 acid blobs
  A quicksilver dragon (Zot:4)
  A tentacled starspawn (Abyss:3)
  A death cob (Zot:4)
  A storm dragon (Vaults:5)
  A fire giant (Depths:3)
  6 azure jellies (Slime:5)
  A vault warden (Vaults:1)
  A frost giant (Depths:3)
  A deep elf sorcerer (Elf:3)
  A draconian scorcher (Zot:1)
  2 draconian shifters
  An ironheart preserver (Vaults:5)
  An orc warlord (Orc:2)
  A draconian annihilator (Zot:5)
  A green draconian (Zot:5)
  2 very ugly things
  2 reapers (Tar:1)
  A black draconian (Zot:4)
  2 white draconians
  A yellow draconian (Zot:4)
  2 deep elf annihilators (Elf:3)
  A red draconian (Zot:4)
  A purple draconian (Zot:5)
  A blizzard demon (Abyss:3)
  3 ettins
  A yaktaur captain (Vaults:1)
  A great orb of eyes (Slime:5)
  An ice dragon (Depths:2)
  2 hydras
  2 boulder beetles
  An ogre mage (Vaults:1)
  2 two-headed ogres (Vaults:3)
  A merfolk avatar (Shoals:2)
  4 death yaks
  A hell knight (Depths:4)
  A skeletal warrior (Hell)
  A deep troll (Vaults:5)
  A deep troll (shapeshifter) (Vaults:5)
  A necromancer (Crypt:3)
  A wizard (Depths:4)
  A shadow dragon zombie (Depths:1)
  A swamp dragon (shapeshifter) (Vaults:5)
  2 orc knights
  An ugly thing (Vaults:3)
  2 fauns (Shoals:2)
  3 moths of wrath
  A fire giant skeleton (Coc:5)
  A cane toad (Lair:2)
  A yaktaur (Vaults:1)
  A komodo dragon (Lair:3)
  A redback zombie (D:15)
  An efreet (Abyss:3)
  2 hellwings
  A yaktaur (shapeshifter) (D:14)
  A demonic crawler (Spider:1)
  A troll (Elf:3)
  3 merfolk
  2 meliai
  A jumping spider (Spider:4)
  11 slime creatures
  A dream sheep (Shoals:2)
  A tarantella (Spider:3)
  A water elemental (Shoals:2)
  A wraith (Vaults:3)
  2 yaks (Lair:4)
  A fire elemental (D:12)
  A basilisk (Lair:2)
  A hell hound (Depths:4)
  A hornet zombie (Spider:1)
  A water moccasin (Lair:3)
  An orc warrior (Vaults:1)
  An eye of draining (Slime:1)
  A wolf (Lair:2)
  An ogre (Vaults:1)
  A centaur (Bailey)
  A kobold brigand (D:11)
  An electric eel (Lair:5)
  A mummy (Ossuary)
  A white imp (D:8)
  3 orcs
  A hobgoblin zombie (Ossuary)
  2 quokka zombies (Ossuary)
137 creatures vanquished.

Vanquished Creatures (others)
  A draconian knight (Zot:1)
  An iron dragon (Vaults:5)
  An ironheart preserver (Vaults:1)
  A deep elf death mage (Elf:3)
  2 vault guards (Vaults:1)
  An ogre mage (Vaults:4)
  2 two-headed ogres (Vaults:4)
  2 wolf spiders (Spider:4)
  An orb spider (Spider:4)
  2 deep elf zephyrmancers (Elf:1)
  A guardian serpent (Abyss:3)
  A demonic crawler (Spider:4)
  A troll (Orc:2)
  A redback (Spider:4)
  5 humans
  A fire bat (Abyss:3)
  A chaos spawn (Abyss:3)
  2 orc warriors
  A black bear (shapeshifter) (D:13)
  A small abomination (Abyss:3)
  A centaur (D:14)
  An orc wizard (Orc:2)
  An orc (Elf:3)
  2 demonic plants (Gauntlet)
  28 fungi
  238 plants
  20 starspawn tentacles (Abyss:3)
  29 tentacles
  25 withered plants (Crypt:3)
374 creatures vanquished.

Grand Total: 3545 creatures vanquished

Notes
Turn   | Place    | Note
-------+----------+-------------------------------------------
     0 | D:1      | tsouns the Demonspawn Venom Mage began the quest for the
                  | Orb.
     0 | D:1      | Reached XP level 1. HP: 13/13 MP: 3/3
   100 | D:1      | Reached skill level 1 in Transmutations
   274 | D:1      | Gained mutation: You are surrounded by a mild repulsion
                  | field. (EV +2) [demonic ancestry]
   274 | D:1      | Reached XP level 2. HP: 19/19 MP: 0/5
   277 | D:1      | Learned a level 2 spell: Poisonous Vapours
  1165 | D:2      | Gained mutation: You have a pair of small horns on your
                  | head. [demonic ancestry]
  1165 | D:2      | Reached XP level 3. HP: 22/24 MP: 1/6
  1333 | D:2      | Noticed Terence
  1339 | D:2      | Killed Terence
  1438 | D:2      | Gained mutation: You are surrounded by a moderate repulsion
                  | field. (EV +3) [demonic ancestry]
  1438 | D:2      | Reached XP level 4. HP: 30/30 MP: 1/8
  1442 | D:2      | Learned a level 3 spell: Mephitic Cloud
  1629 | D:2      | Noticed Robin
  1639 | D:2      | Killed Robin
  2846 | D:3      | Noticed an ogre
  2862 | D:3      | Killed an ogre
  2863 | D:3      | Reached XP level 5. HP: 31/35 MP: 2/10
  3032 | D:3      | Gained mutation: A weak demonic guardian rushes to your
                  | aid. [demonic ancestry]
  3032 | D:3      | Reached XP level 6. HP: 38/41 MP: 0/11
  3625 | D:3      | Learned a level 4 spell: Olgreb's Toxic Radiance
  4063 | D:3      | Found a snail-covered altar of Cheibriados.
  4337 | D:3      | Found a roughly hewn altar of Beogh.
  4783 | D:4      | Found a sand-covered staircase.
  4788 | Ossuary  | Entered an ossuary
  4821 | Ossuary  | Reached skill level 5 in Poison Magic
  5322 | Ossuary  | Learned a level 3 spell: Ignite Poison
  5532 | Ossuary  | Reached XP level 7. HP: 16/47 MP: 3/13
  5824 | Ossuary  | Reached skill level 1 in Fighting
  5824 | Ossuary  | Reached skill level 1 in Axes
  6929 | D:4      | Reached skill level 2 in Fighting
  7024 | D:4      | Found a transporter.
  7231 | D:4      | Found a transporter.
  7706 | D:4      | Noticed Dowan
  7708 | D:4      | Noticed Duvessa
  7715 | D:4      | Killed Dowan
  7716 | D:4      | Reached skill level 5 in Spellcasting
  7722 | D:4      | Killed Duvessa
  7723 | D:4      | Reached XP level 8. HP: 54/57 MP: 1/15
  8111 | D:5      | Entered Level 5 of the Dungeon
  8333 | D:5      | Noticed Eustachio
  8341 | D:5      | Killed Eustachio
  8342 | D:5      | Reached skill level 3 in Fighting
  8450 | D:5      | Found a glowing drain.
  8464 | Sewer    | Entered a sewer
  8998 | Sewer    | Reached skill level 4 in Fighting
  9428 | D:5      | Found a staircase to the Ecumenical Temple.
  9437 | Temple   | Entered the Ecumenical Temple
  9491 | Temple   | Became a worshipper of Dithmenos the Shadowed
  9624 | D:5      | Found a sacrificial altar of Ru.
  9875 | D:5      | Noticed Ijyb
  9888 | D:5      | Killed Ijyb
 10436 | D:6      | Gained mutation: A meltable shield of frost defends you.
                  | (SH +4) [demonic ancestry]
 10436 | D:6      | Reached XP level 9. HP: 66/66 MP: 1/18
 10665 | D:6      | Identified the +4 whip of the Sugar Beet {flame, Str+8}
 10973 | D:6      | Identified the +1 leather armour "Qodaoth" {+Blink}
 10973 | D:6      | Identified the amulet "Sixaek" {Acrobat rF+ Str+4 SInv}
 10982 | D:6      | Noticed Edmund
 10987 | D:6      | Reached skill level 5 in Fighting
 11004 | D:6      | Killed Edmund
 11129 | D:6      | Reached * piety under Dithmenos
 11426 | D:6      | Found a hazy altar of Hepliaklqana.
 11521 | D:6      | Found a glowing golden altar of the Shining One.
 11521 | D:6      | Found a sacrificial altar of Ru.
 11527 | D:6      | Found a broken altar of Ashenzari.
 11529 | D:6      | Found an ornate altar of the Wu Jian Council.
 11531 | D:6      | Found a radiant altar of Vehumet.
 11811 | D:7      | Noticed Prince Ribbit
 11822 | D:7      | Killed Prince Ribbit
 11847 | D:7      | Found a flagged portal.
 11859 | Bailey   | Entered a bailey
 11876 | Bailey   | Reached skill level 6 in Fighting
 12418 | Bailey   | Reached skill level 5 in Dodging
 12576 | Bailey   | Reached ** piety under Dithmenos
 12778 | Bailey   | Gained mutation: A demonic guardian rushes to your aid.
                  | [demonic ancestry]
 12778 | Bailey   | Reached XP level 10. HP: 75/77 MP: 11/21
 12790 | Bailey   | Reached skill level 7 in Fighting
 13317 | D:7      | Identified a scroll of acquirement
 13317 | D:7      | Acquired 380 gold pieces
 13421 | D:7      | Found an ornate altar of the Wu Jian Council.
 13531 | D:7      | Found a transporter.
 13534 | D:7      | Noticed a moth of wrath
 13536 | D:7      | Noticed DavidChitty2's ghost (novice MiFi)
 13559 | D:7      | Found a transporter.
 14952 | D:8      | Found an opulent altar of Gozag.
 14952 | D:8      | Found a sparkling altar of Nemelex Xobeh.
 15255 | D:8      | Found a sacrificial altar of Ru.
 15359 | D:8      | Reached skill level 5 in Axes
 15479 | D:8      | Noticed a centaur warrior
 15492 | D:8      | Killed a centaur warrior
 15493 | D:8      | Reached skill level 8 in Fighting
 15505 | D:8      | Reached *** piety under Dithmenos
 16139 | D:9      | Found a blossoming altar of Fedhas.
 16613 | D:9      | Reached skill level 1 in Shields
 16614 | D:9      | Gained mutation: You have a pair of horns on your head.
                  | [demonic ancestry]
 16614 | D:9      | Reached XP level 11. HP: 76/87 MP: 13/23
 16768 | D:10     | Entered Level 10 of the Dungeon
 16781 | D:10     | Noticed Urug
 16799 | D:10     | Killed Urug
 16928 | D:10     | Noticed a two-headed ogre
 16945 | D:10     | Killed a two-headed ogre
 17062 | D:10     | Found a roughly hewn altar of Beogh.
 17062 | D:10     | Found a staircase to the Orcish Mines.
 17062 | D:10     | Noticed an orc knight
 17125 | D:10     | Killed an orc knight
 17371 | D:10     | Reached **** piety under Dithmenos
 17426 | D:10     | Paralysed by an orc for 7 turns
 17541 | D:10     | Reached skill level 9 in Fighting
 17681 | D:10     | Noticed a green ugly thing
 17709 | D:10     | Killed a green ugly thing
 17882 | D:10     | Noticed Nergalle
 17902 | D:10     | Killed Nergalle
 18440 | D:11     | Reached skill level 5 in Shields
 18479 | D:10     | HP: 5/133 [warg (7)]
 18970 | D:11     | Found a staircase to the Lair.
 19062 | D:11     | Upgraded the game from 0.27-a0-488-g88baaf19db to
                  | 0.27-a0-498-g7ecbb0a48f
 19068 | D:11     | Learned a level 4 spell: Sticky Flame
 19074 | D:11     | Learned a level 5 spell: Fireball
 19339 | D:11     | Reached ***** piety under Dithmenos
 19394 | D:11     | Reached skill level 1 in Conjurations
 19438 | D:11     | Noticed a five-headed hydra
 19449 | D:11     | Reached skill level 1 in Fire Magic
 19449 | D:11     | Killed a six-headed hydra
 19887 | D:11     | Noticed a cyan ugly thing
 19899 | D:11     | Killed a cyan ugly thing
 19900 | D:11     | Reached skill level 1 in Invocations
 19900 | D:11     | Gained mutation: A meltable icy envelope protects you from
                  | harm. (AC +8) [demonic ancestry]
 19900 | D:11     | Reached XP level 12. HP: 52/97 MP: 14/25
 20295 | D:11     | Reached skill level 10 in Spellcasting
 20444 | D:11     | Identified the +10 mace of Sequestration {venom, Will+
                  | Int+7}
 20867 | D:12     | Found a gate leading to a gauntlet.
 20880 | Gauntlet | Entered a Gauntlet
 20880 | Gauntlet | Found a transporter.
 20880 | Gauntlet | Found a transporter.
 20880 | Gauntlet | Found a transporter.
 20901 | Gauntlet | Found a transporter.
 20911 | Gauntlet | Found a transporter.
 20926 | Gauntlet | Found a transporter.
 20936 | Gauntlet | Found a transporter.
 20951 | Gauntlet | Found a transporter.
 20957 | Gauntlet | Found a transporter.
 21006 | Gauntlet | Found a transporter.
 21006 | Gauntlet | Found a transporter.
 21009 | Gauntlet | Found a transporter.
 21076 | Gauntlet | Reached skill level 1 in Maces & Flails
 21202 | Gauntlet | Identified the ring "Xonnauri" {*Slow Will++ AC+4 Str+3
                  | SInv}
 21569 | Gauntlet | Identified the +4 quarterstaff of Viny Trial by Ordeal
                  | {drain, Fragile Dex+4 SInv}
 21569 | Gauntlet | Noticed a minotaur
 21583 | Gauntlet | Killed a minotaur
 21584 | Gauntlet | Reached skill level 10 in Fighting
 21952 | D:12     | Noticed Azrael
 21975 | D:12     | Killed Azrael
 22860 | D:12     | Noticed Gastronok
 22873 | D:12     | Killed Gastronok
 22874 | D:12     | Reached skill level 5 in Invocations
 23151 | Lair:1   | Entered Level 1 of the Lair of Beasts
 24083 | Lair:1   | You fall into a shaft and drop 1 floor!
 24130 | Lair:2   | Noticed a four-headed hydra
 24134 | Lair:2   | Killed a four-headed hydra
 24135 | Lair:2   | Reached XP level 13. HP: 104/104 MP: 11/27
 24463 | Lair:2   | Reached skill level 5 in Conjurations
 24468 | Lair:2   | Noticed Maggie
 24484 | Lair:2   | Killed Maggie
 24905 | Lair:2   | Found a staircase to the Shoals.
 25537 | Lair:2   | Learned a level 5 spell: Alistair's Intoxication
 25544 | Lair:2   | Learned a level 6 spell: Eringya's Noxious Bog
 26584 | Lair:3   | HP: 5/105 [boulder beetle (26)]
 26596 | Lair:3   | Reached skill level 5 in Fire Magic
 27608 | Lair:4   | Reached ****** piety under Dithmenos
 27803 | Lair:4   | Found a hole to the Spider Nest.
 27868 | Lair:4   | Reached skill level 11 in Fighting
 28902 | Lair:5   | Reached skill level 5 in Maces & Flails
 29355 | Lair:5   | Reached XP level 14. HP: 41/113 MP: 4/29
 29768 | Lair:5   | Found a staircase to the Slime Pits.
 30358 | Lair:6   | Entered Level 6 of the Lair of Beasts
 33748 | Orc:1    | Entered Level 1 of the Orcish Mines
 33997 | Orc:2    | Entered Level 2 of the Orcish Mines
 34309 | Orc:2    | Found a staircase to the Elven Halls.
 34570 | Orc:2    | Found a roughly hewn altar of Beogh.
 34592 | Orc:2    | Noticed an orc warlord
 34612 | Orc:2    | Killed an orc warlord
 34654 | Orc:2    | Gained mutation: You have a pair of large horns on your
                  | head. [demonic ancestry]
 34654 | Orc:2    | Reached XP level 15. HP: 95/120 MP: 2/30
 34689 | Orc:1    | Reached skill level 12 in Fighting
 35024 | Orc:2    | Reached skill level 10 in Invocations
 35441 | Orc:2    | Found Toad's General Store.
 35442 | Orc:2    | Found Wamuogg's Book Emporium.
 35444 | Orc:2    | Found Aweozap's Antique Armour Shoppe.
 35444 | Orc:2    | Found Japen's Antique Weapon Shoppe.
 35449 | Orc:2    | Bought a pair of glowing gloves for 225 gold pieces
 35471 | Orc:2    | Bought a potion of magic for 120 gold pieces
 35471 | Orc:2    | Bought a scroll of enchant armour for 112 gold pieces
 35976 | D:7      | Killed DavidChitty2's ghost
 35979 | D:7      | Identified the amulet of Generosity {Spirit *Drain Will+++
                  | Dex+4}
 36511 | D:13     | Found a gate to the Vaults.
 37896 | D:14     | Found a frozen archway.
 38689 | D:14     | You fall into a shaft and drop 1 floor!
 38689 | D:15     | Entered Level 15 of the Dungeon
 39334 | D:15     | Found a glowing golden altar of the Shining One.
 39811 | D:15     | Noticed Nessos
 39816 | D:15     | Killed Nessos
 39980 | D:15     | Found Wuocreekk's General Store.
 39986 | D:15     | Bought 2 potions of mutation for 224 gold pieces
 40296 | D:15     | Found a staircase to the Depths.
 40612 | D:15     | Found a glowing silver altar of Zin.
 40732 | D:15     | Learned a level 5 spell: Bolt of Magma
 40936 | Shoals:1 | Entered Level 1 of the Shoals
 40936 | Shoals:1 | Noticed Aizul
 40952 | Lair:2   | Killed Aizul
 41706 | Shoals:1 | Identified the +0 helmet "Peivvaf" {Str+2 Int+9}
 41914 | Shoals:1 | Reached XP level 16. HP: 110/129 MP: 13/32
 42258 | Shoals:2 | Reached skill level 10 in Dodging
 42862 | Shoals:2 | Found a hazy altar of Hepliaklqana.
 44035 | Shoals:3 | Reached skill level 13 in Fighting
 44429 | Shoals:3 | Found Beabubb's Magic Scroll Shop.
 44534 | Shoals:3 | Reached skill level 10 in Conjurations
 44884 | Shoals:3 | Bought a scroll of enchant armour for 75 gold pieces
 44884 | Shoals:3 | Bought a scroll of enchant armour for 75 gold pieces
 44884 | Shoals:3 | Bought a scroll of enchant weapon for 75 gold pieces
 44884 | Shoals:3 | Bought a scroll of teleportation for 30 gold pieces
 44884 | Shoals:3 | Bought 2 scrolls of magic mapping for 70 gold pieces
 45109 | Shoals:3 | Found Xecor's Antique Armour Emporium.
 45373 | Shoals:3 | Found Titip's Antique Armour Shoppe.
 45479 | Shoals:3 | Bought polished fire dragon scales for 1755 gold pieces
 45479 | Shoals:3 | Identified the +6 fire dragon scales of Oduylat {+Inv rElec
                  | rF++ rC- rCorr Slay-2} (You bought it in a shop on level 3
                  | of the Shoals)
 45708 | Shoals:3 | Found Ywaehom's Antique Armour Shop.
 45784 | Shoals:3 | Bought a faintly humming robe for 171 gold pieces
 45784 | Shoals:3 | Identified the +1 robe of Jimogho {*Contam rElec rPois
                  | Str-4} (You bought it in a shop on level 3 of the Shoals)
 45887 | Shoals:3 | Noticed a kraken
 45898 | Shoals:3 | Killed a kraken
 46139 | Shoals:4 | Entered Level 4 of the Shoals
 46141 | Shoals:4 | Noticed a kraken
 46161 | Shoals:4 | Killed a kraken
 46162 | Shoals:4 | Reached skill level 1 in Armour
 46387 | Shoals:4 | Noticed Polyphemus
 46404 | Shoals:4 | Killed Polyphemus
 46439 | Shoals:3 | Reached skill level 1 in Evocations
 46697 | Shoals:4 | Gained mutation: A meltable icy envelope protects you from
                  | harm. (AC +8) [demonic ancestry]
 46697 | Shoals:4 | Reached XP level 17. HP: 128/137 MP: 13/34
 47719 | Shoals:4 | Noticed Kirke
 47734 | Shoals:4 | Killed Kirke
 48513 | Shoals:4 | Got a barnacled rune of Zot
 49041 | Spider:1 | Entered Level 1 of the Spider Nest
 51280 | Spider:1 | Reached skill level 14 in Fighting
 51358 | Spider:1 | Reached skill level 10 in Maces & Flails
 53040 | Spider:2 | Gained mutation: You are robust. (+10% HP) [demonic
                  | ancestry]
 53040 | Spider:2 | Reached XP level 18. HP: 139/160 MP: 17/35
 53462 | Spider:2 | Acquired the ring "Jinoch Sigo" {rN+ Str+4 Int+6 Dex-5}
 54241 | Spider:3 | Reached skill level 5 in Evocations
 54565 | Spider:3 | Reached skill level 5 in Armour
 56500 | Spider:4 | Entered Level 4 of the Spider Nest
 56611 | Spider:4 | Noticed Louise
 57015 | Spider:4 | Noticed Nikola
 57019 | Spider:4 | Killed Louise
 57038 | Spider:4 | Killed Nikola
 58414 | Spider:4 | Got a gossamer rune of Zot
 58758 | Vaults:1 | Entered Level 1 of the Vaults
 58778 | Vaults:1 | Learned a level 7 spell: Spellforged Servitor
 59060 | Vaults:1 | Found Dyprocw's Weapon Shoppe.
 59074 | Vaults:1 | Reached skill level 1 in Summonings
 59092 | Vaults:1 | Found Teutae's General Store.
 59371 | Vaults:1 | Found Moiblodo's Antique Weapon Emporium.
 59402 | Vaults:1 | Found a flickering gateway to a bazaar.
 59411 | Bazaar   | Entered a bazaar
 59512 | Bazaar   | Found Xuank's Jewellery Boutique.
 59512 | Bazaar   | Found Bacid's Armour Shop.
 59571 | Bazaar   | Found Ihit Yho's Weapon Shop.
 59571 | Bazaar   | Found Kiuzuc's Armour Boutique.
 59637 | Bazaar   | Bought the ring of the Hare {EV+8} for 1024 gold pieces
 59637 | Bazaar   | Found the ring of the Hare {EV+8}
 60012 | Vaults:1 | Gained mutation: You are surrounded by a strong repulsion
                  | field. (EV +4, RMsl) [demonic ancestry]
 60012 | Vaults:1 | Reached XP level 19. HP: 97/168 MP: 35/37
 61153 | Vaults:1 | Identified the +4 hand axe "Ecotwuy" {drain, rPois Will+
                  | Int-2}
 62867 | Vaults:3 | Found Qaewnota's Weapon Shop.
 63149 | Vaults:3 | Identified the +5 scale mail of the Trout {Rampage *Drain
                  | +Fly SInv}
 63312 | Vaults:3 | Reached skill level 15 in Fighting
 64577 | Vaults:3 | Found a staircase to the Crypt.
 66045 | Vaults:4 | Reached XP level 20. HP: 128/178 MP: 9/38
 66240 | Vaults:4 | Reached skill level 5 in Summonings
 68026 | Elf:1    | Entered Level 1 of the Elven Halls
 68193 | Elf:1    | Identified the Grimoire of Creation
 68611 | Elf:1    | Noticed Jorgrun
 68623 | Elf:1    | Killed Jorgrun
 68875 | Elf:1    | Noticed Agnes
 68882 | Elf:1    | Killed Agnes
 69965 | Elf:2    | Found Uhym's Weapon Boutique.
 70051 | Elf:2    | Reached skill level 15 in Spellcasting
 70311 | Elf:2    | Found a one-way gate to the infinite horrors of the Abyss.
 70517 | Elf:2    | Found a corrupted altar of Lugonu.
 70871 | Elf:2    | Found a huge runed translucent gate.
 70873 | Elf:2    | Found a huge runed translucent gate.
 70879 | Elf:2    | Found a huge runed translucent gate.
 70880 | Elf:2    | Found a huge runed translucent gate.
 70880 | Elf:2    | Found a huge runed translucent gate.
 72176 | Elf:3    | Entered Level 3 of the Elven Halls
 72225 | Elf:3    | Gained mutation: You are very robust. (+20% HP) [demonic
                  | ancestry]
 72225 | Elf:3    | Reached XP level 21. HP: 119/204 MP: 40/40
 73026 | Elf:3    | Noticed Saint Roka
 73080 | Elf:3    | Killed Saint Roka
 73512 | Elf:3    | Reached skill level 16 in Fighting
 73533 | Elf:3    | Reached skill level 10 in Fire Magic
 73853 | Elf:2    | Upgraded the game from 0.27-a0-498-g7ecbb0a48f to
                  | 0.27-a0-522-g46bbb28828
 74181 | Elf:3    | Identified the amulet "Gotew" {RegenMP rElec rC+ Int+3
                  | Dex+2}
 74221 | Elf:3    | Identified the +2 scale mail "Fomodiad" {Int-2 Dex+5}
 74280 | Elf:3    | Identified the amulet of Finality {Spirit Dex+2}
 74327 | Elf:3    | Identified the +9 plate armour "Hyfigrul" {Harm Str+4}
 74339 | Elf:3    | Identified the ring "Dotyug" {+Fly rC+ MP+9}
 74413 | Elf:3    | Identified the +8 hand axe of the Blind Eye {venom, +Blink
                  | rC+ Will+ Stlth+}
 74435 | Elf:3    | Identified the ring of Wojeastorph {Ice Will+ Str+3 Int+2}
 74438 | Elf:3    | Identified the ring of Pizeomon {rElec rC+ rN++ Will+
                  | Int-2}
 74452 | Elf:3    | Identified the +6 dagger of Heser {flame, +Blink rPois rC++
                  | Will-}
 74869 | Depths:1 | Entered Level 1 of the Depths
 75084 | Depths:1 | Found a gateway to Hell.
 75256 | Depths:1 | Found an iron altar of Okawaru.
 75263 | Depths:1 | Reached skill level 1 in Earth Magic
 75264 | Depths:1 | Reached skill level 1 in Air Magic
 75414 | Depths:1 | Found Qythresed's Antique Armour Emporium.
 76079 | Depths:2 | Found a gateway to a ziggurat.
 76794 | Depths:2 | Identified the +8 chain mail of Tenyr {Rampage Str+5 Int-2}
 77113 | Depths:2 | Identified the +5 great sword of Pandemonium {elec, rC+
                  | Str+4}
 77193 | Depths:2 | Reached XP level 22. HP: 129/214 MP: 2/41
 77434 | Depths:2 | Found Giphun's Magic Scroll Emporium.
 77437 | Depths:2 | Bought a scroll of teleportation for 51 gold pieces
 77437 | Depths:2 | Bought a scroll of teleportation for 51 gold pieces
 77443 | Depths:2 | Found Limebrur's Distillery.
 77448 | Depths:2 | Found Oliunixu's Armour Shoppe.
 77461 | Depths:2 | Bought a potion of curing for 60 gold pieces
 77461 | Depths:2 | Bought 2 potions of might for 160 gold pieces
 77546 | Depths:2 | Found Xejephac's Armour Boutique.
 78166 | Depths:3 | Cast into level 2 of the Abyss (a wizard)
 78438 | Depths:3 | Escaped the Abyss
 78525 | Depths:3 | Identified Hoamag's Grimoire of Displaced Companions
 78859 | Depths:3 | Reached skill level 5 in Stealth
 79181 | Depths:3 | Reached skill level 17 in Fighting
 80085 | Depths:3 | Acquired 903 gold pieces
 80775 | Depths:3 | Found a viscous altar of Jiyva.
 80822 | Depths:3 | Found a one-way gate leading to the halls of Pandemonium.
 81893 | Depths:4 | Noticed Jory
 81902 | Depths:4 | Killed Jory
 81956 | Depths:4 | Gained mutation: A powerful demonic guardian rushes to your
                  | aid. [demonic ancestry]
 81956 | Depths:4 | Reached XP level 23. HP: 172/225 MP: 9/43
 82972 | Depths:4 | Found Gyargho's Jewellery Shoppe.
 82980 | Depths:4 | Bought the ring "Alij" {MP+9 Str+4 Int+6 Dex+3} for 2081
                  | gold pieces
 83036 | Depths:4 | Noticed the Enchantress
 83058 | Depths:4 | Killed the Enchantress
 83113 | Depths:4 | Learned a level 8 spell: Ignition
 83592 | Depths:4 | Noticed a dread lich
 83708 | Depths:4 | Reached skill level 15 in Invocations
 83731 | Depths:4 | Killed a dread lich
 83965 | Depths:4 | Identified the Grimoire of Doomed Arcane Weapons
 84110 | Depths:5 | Entered Level 5 of the Depths
 84659 | Depths:5 | Found a gate to the Realm of Zot.
 86189 | Vaults:5 | Entered Level 5 of the Vaults
 86200 | Vaults:5 | Reached skill level 15 in Conjurations
 86209 | Vaults:5 | Reached skill level 18 in Fighting
 86235 | Vaults:5 | Paralysed by a sphinx for 3 turns
 86239 | Vaults:5 | Reached XP level 24. HP: 93/236 MP: 1/44
 87273 | Vaults:5 | Noticed an ancient lich
 87289 | Vaults:5 | Killed an ancient lich
 87594 | Vaults:5 | Noticed Bai Suzhen
 87601 | Vaults:5 | Killed Bai Suzhen
 87914 | Vaults:5 | Got a silver rune of Zot
 88190 | Vaults:5 | Identified the +7 hunting sling "Fevucej" {freeze, rN+}
 89019 | Vaults:5 | Noticed a dread lich
 89025 | Vaults:5 | Noticed a dread lich
 89033 | Vaults:5 | Killed a dread lich
 89036 | Vaults:5 | Killed a dread lich
 89381 | Vaults:5 | Identified the +2 pair of gloves "Vool" {rElec rC+ rN++}
 89789 | Crypt:1  | Entered Level 1 of the Crypt
 90909 | Crypt:2  | Noticed Sojobo
 91111 | Crypt:2  | Reached XP level 25. HP: 232/246 MP: 43/44
 91111 | Crypt:2  | Noticed Boris
 91119 | Crypt:2  | Killed Sojobo
 91123 | Crypt:2  | Killed Boris
 91253 | Crypt:2  | Reached skill level 10 in Armour
 91406 | Crypt:2  | Reached skill level 15 in Dodging
 92324 | Crypt:3  | Entered Level 3 of the Crypt
 93293 | Crypt:3  | Found the +4 dagger "Morg" {pain, Will+ Int+5}
 93312 | Crypt:3  | Identified the ring "Capuf" {*Drain rElec rN+ Dex+2}
 93312 | Crypt:3  | Identified the ring "Rutuonuh" {*Drain rN+ Will+ Dex+6}
 93810 | Crypt:3  | Found an ancient bone altar of Kikubaaqudgha.
 94037 | Crypt:3  | Noticed a dread lich
 94042 | Crypt:3  | Paralysed by a dread lich for 4 turns
 94046 | Crypt:3  | Killed a dread lich
 94098 | Crypt:3  | Identified the +2 short sword "Isiaxam" {holy, *Noise Will+
                  | Dex+5}
 94368 | Crypt:3  | Found a staircase to the Tomb.
 95639 | Crypt:3  | Reached skill level 10 in Stealth
 95732 | Crypt:3  | Identified the Disquisition on Congealing Malediction
 96151 | Slime:1  | Entered Level 1 of the Pits of Slime
 96767 | Slime:5  | Entered Level 5 of the Pits of Slime
 96812 | Slime:5  | Noticed the Royal Jelly
 96825 | Slime:5  | Killed the Royal Jelly
 97036 | Slime:5  | Identified the Handbook of Icy Contamination
 97054 | Slime:5  | Identified the +5 flail of Mandamus {flame, *Rage rN+
                  | Dex+5}
 97098 | Slime:5  | Identified the Disquisition on Transmigration
 97101 | Slime:5  | Got a slimy rune of Zot
 97119 | Slime:5  | Identified the +11 broad axe of Hacking and Slashing
                  | {flame, Stlth+}
 97129 | Slime:5  | Identified the Almanac of Bewitching Poisoning
 97141 | Slime:5  | Identified the Incunabulum of Clay and Conjuration
 97269 | Slime:5  | Reached skill level 19 in Fighting
 97744 | Depths:4 | Voluntarily entered the Abyss.
 98037 | Abyss:2  | Gained mutation: You are extremely robust. (+30% HP)
                  | [demonic ancestry]
 98037 | Abyss:2  | Reached XP level 26. HP: 248/279 MP: 35/45
 98278 | Abyss:3  | Found a corrupted altar of Lugonu.
 98549 | Abyss:3  | Found a corrupted altar of Lugonu.
 99070 | Abyss:3  | Paralysed by accursed screaming for 1 turns
 99131 | Abyss:3  | Identified the ring "Lauv" {Will+ Dex+3}
 99451 | Abyss:3  | Found a corrupted altar of Lugonu.
 99464 | Abyss:3  | Gained mutation: You possess an exceptional clarity of
                  | mind. [a neqoxec]
 99689 | Abyss:3  | Found a corrupted altar of Lugonu.
 99914 | Abyss:3  | Paralysed by accursed screaming for 2 turns
 99921 | Abyss:3  | Paralysed by accursed screaming for 2 turns
100392 | Abyss:3  | Gained mutation: Your magical capacity is very low. (-20%
                  | MP) [a neqoxec]
100924 | Depths:4 | Escaped the Abyss
101404 | Hell     | Entered the Vestibule of Hell
101404 | Hell     | Noticed Geryon
101574 | Hell     | Killed Geryon
101591 | Hell     | Found a gateway to the decaying netherworld of Tartarus.
103021 | Hell     | Found a gateway to the Iron City of Dis.
103094 | Hell     | Found a gateway to the freezing wastes of Cocytus.
103319 | Hell     | Found a gateway to the ashen valley of Gehenna.
103484 | Tar:1    | Entered Level 1 of Tartarus
103701 | Tar:2    | Reached XP level 27. HP: 243/289 MP: 21/41
105421 | Hell     | Upgraded the game from 0.27-a0-522-g46bbb28828 to
                  | 0.27-a0-550-ge92ec0ca06
105457 | Coc:1    | Entered Level 1 of Cocytus
105686 | Coc:2    | You fall into a shaft and drop 2 floors!
105840 | Coc:5    | HP: 13/291 [Ice Fiend/bolt of cold[the effects of Hell]
                  | (24)]
105965 | Zot:1    | Entered Level 1 of the Realm of Zot
106547 | Zot:1    | Reached skill level 20 in Fighting
108785 | Zot:5    | Entered Level 5 of the Realm of Zot
108851 | Zot:5    | Noticed an ancient lich
108874 | Zot:5    | Gained mutation: Your magical capacity is very low. (-20%
                  | MP) [mutagenic glow]
108881 | Zot:5    | Noticed an ancient lich
108883 | Zot:5    | Gained mutation: You are dopey. (Int -2) [mutagenic glow]
108896 | Zot:5    | Killed an ancient lich
108978 | Zot:4    | Lost mutation: You possess an exceptional clarity of mind.
                  | [potion of mutation]
108978 | Zot:4    | Gained mutation: You are weak. (Str -2) [potion of
                  | mutation]
108978 | Zot:4    | Lost mutation: You are dopey. (Int -2) [potion of mutation]
108979 | Zot:4    | Lost mutation: You are weak. (Str -2) [potion of mutation]
108979 | Zot:4    | Lost mutation: Your magical capacity is very low. (-20% MP)
                  | [potion of mutation]
108979 | Zot:4    | Lost mutation: Your magical capacity is low. (-10% MP)
                  | [potion of mutation]
108979 | Zot:4    | Gained mutation: You have supernaturally acute eyesight.
                  | (SInv) [potion of mutation]
108979 | Zot:4    | Gained mutation: You are covered in fur. (AC +1) [potion of
                  | mutation]
108979 | Zot:4    | Gained mutation: You passively map a small area around you.
                  | [potion of mutation]
109105 | Zot:5    | Gained mutation: Your spells are a little easier to cast,
                  | but a little less powerful. [mutagenic glow]
109120 | Zot:5    | Gained mutation: Armour fits poorly on your strangely
                  | shaped body. [mutagenic glow]
109122 | Zot:5    | Killed an ancient lich
109137 | Zot:5    | Noticed an orb of fire
109144 | Zot:5    | Gained mutation: You tend to lose your temper in combat.
                  | [an orb of fire]
109146 | Zot:5    | Noticed an orb of fire
109147 | Zot:5    | Gained mutation: Potions are less effective at restoring
                  | your health. [an orb of fire]
109150 | Zot:5    | Gained mutation: You often lose your temper in combat. [an
                  | orb of fire]
109158 | Zot:5    | Gained mutation: You are weak. (Str -2) [an orb of fire]
109161 | Zot:5    | Gained mutation: Your body sometimes deteriorates upon
                  | taking damage. [an orb of fire]
109164 | Zot:5    | Lost mutation: You often lose your temper in combat. [an
                  | orb of fire]
109170 | Zot:5    | Gained mutation: You are dopey. (Int -2) [an orb of fire]
109173 | Zot:5    | Gained mutation: Your magical capacity is low. (-10% MP)
                  | [an orb of fire]
109177 | Zot:5    | Killed an orb of fire
109188 | Zot:5    | Killed an orb of fire
109211 | Zot:5    | Reached skill level 15 in Fire Magic
109564 | Zot:5    | Lost mutation: You are covered in fur. (AC +1) [potion of
                  | mutation]
109564 | Zot:5    | Lost mutation: You are weak. (Str -2) [potion of mutation]
109564 | Zot:5    | Lost mutation: Your spells are a little easier to cast, but
                  | a little less powerful. [potion of mutation]
109564 | Zot:5    | Lost mutation: Your magical capacity is low. (-10% MP)
                  | [potion of mutation]
109564 | Zot:5    | Gained mutation: You are strong-willed. (Will+) [potion of
                  | mutation]
109566 | Zot:5    | Lost mutation: You tend to lose your temper in combat.
                  | [potion of mutation]
109566 | Zot:5    | Lost mutation: Potions are less effective at restoring your
                  | health. [potion of mutation]
109566 | Zot:5    | Lost mutation: Armour fits poorly on your strangely shaped
                  | body. [potion of mutation]
109566 | Zot:5    | Gained mutation: Your flesh is heat resistant. (rF+)
                  | [potion of mutation]
109664 | Zot:5    | Noticed an orb of fire
109674 | Zot:5    | Noticed an orb of fire
110113 | Zot:4    | Lost mutation: You have supernaturally acute eyesight.
                  | (SInv) [an orb of fire]
110116 | Zot:4    | Gained mutation: Scrolls take you a little longer to read.
                  | [an orb of fire]
110118 | Zot:4    | Gained mutation: You occasionally shout uncontrollably at
                  | your foes. [an orb of fire]
110119 | Zot:4    | Killed an orb of fire
110448 | Zot:5    | Gained mutation: Scrolls take you longer to read. [an orb
                  | of fire]
110461 | Zot:5    | Killed an orb of fire
110491 | Zot:5    | Lost mutation: You are dopey. (Int -2) [potion of mutation]
110491 | Zot:5    | Lost mutation: Your flesh is heat resistant. (rF+) [potion
                  | of mutation]
110491 | Zot:5    | Lost mutation: Your body sometimes deteriorates upon taking
                  | damage. [potion of mutation]
110491 | Zot:5    | Lost mutation: You are strong-willed. (Will+) [potion of
                  | mutation]
110491 | Zot:5    | Gained mutation: You can translocate small distances at
                  | will. [potion of mutation]
110491 | Zot:5    | Gained mutation: You expend magic power (3 MP) to
                  | strengthen your wands. [potion of mutation]
110491 | Zot:5    | Gained mutation: You possess an exceptional clarity of
                  | mind. [potion of mutation]
110503 | Zot:5    | Noticed an orb of fire
110590 | Zot:5    | Reached skill level 21 in Fighting
110945 | Zot:5    | Noticed an orb of fire
110962 | Zot:5    | Gained mutation: You are weak. (Str -2) [an orb of fire]
110980 | Zot:5    | Killed an orb of fire
110992 | Zot:5    | Killed an orb of fire
111466 | Zot:5    | Got the Orb of Zot
111505 | Zot:5    | Noticed Kigiopp the pandemonium lord
112216 | D:$      | Escaped with the Orb!

Illustrated notes

Levels and vault maps discovered:
D:1:      amcnicky_arrival_choice, layout_loops_cross
D:2:      layout_basic, hangedman_feature_mirror, uniq_robin, uniq_terence
D:3:      layout_loops_corners, lemuel_coloured_pillars_altar,
          kennysheep_orc_chapel
D:4:      gammafunk_cloud_chamber, layout_basic, enter_ossuary_2, uniq_duvessa
D:5:      layout_basic, lemuel_temple_firewalk_a, cheibrodos_sewer_entry_drain,
          minmay_liquid_box, small_statue_intersection, grunt_decor_junction,
          minivault_11, grunt_ministairs_1, nicolae_ru_great_annihilating_truth,
          uniq_eustachio, uniq_ijyb
D:6:      layout_gridville, chequers_temple_overflow_minitemple,
          general_overflow_altar, uniq_edmund
D:7:      layout_layer_cave, gammafunk_ghost_berserking_beasts, basic_altar,
          enter_bailey_2, minmay_misc_feat_columns, hangedman_decor_push,
          uniq_prince_ribbit1
D:8:      kennysheep_blocky_room, layout_basic, grunt_temple_overflow_opulence,
          basic_altar
D:9:      layout_rooms, fedhas_ov_isle_minmay
D:10:     layout_long_grid, david_orc_5, uniq_urug, uniq_nergalle
D:11:     layout_loops_ring, erik_lair_orcish_takeover
D:12:     layout_roguey, gauntlet_entry_generic, uniq_azrael, uniq_gastronok
D:13:     layout_basic, david_vaults_3
D:14:     layout_grid_maze, portal_ice_cave_entry_ice_beasts,
          hangedman_abyss_or_decor_clamps
D:15:     hangedman_depths_entry_try_elsewhere_first, layout_loops_ring,
          zin_angel, serial_shops, nicolae_shop_trees, basic_altar,
          corner_web_ring, uniq_nessos
Temple:   minmay_temple_bridge_abc
Lair:1:   layout_cave_pods, infiniplex_staircase_pool
Lair:2:   layout_cellular_growth, minmay_shoals_entry_centaurs,
          gammafunk_lair_bear_cave, uniq_maggie
Lair:3:   layout_gridlike, grunt_forest_stairs_basic, grunt_megastairs_3
Lair:4:   beast_lair_carwin_large_1, layout_cellular_growth, dummy_spider_entry,
          serial_bayou_shore_a
Lair:5:   pond_and_an_island_with_a_cottage, layout_gridlike,
          minmay_slime_entry_eyes
Lair:6:   evilmike_catoblepas_cave, layout_regular_city, st_stairs_12,
          serial_bayou_ford_a
Shoals:1: layout_shoals, uniq_aizul
Shoals:2: layout_shoals, lemuel_altar_in_water
Shoals:3: layout_shoals, serial_shops, shop_fountains, nicolae_shop_statue_plus,
          shop, shop
Shoals:4: shoals_end_grunt_garden, layout_shoals, uniq_polyphemus, uniq_kirke
Spider:1: hangedman_creepy_crawlies, hangedman_spider_tarantella_strand
Spider:2: layout_spider_delve
Spider:3: layout_spider_delve
Spider:4: spider_rune_water, nicolae_spider_stair_cavern,
          nicolae_spider_cling_ruins, uniq_nikola, uniq_louise
Slime:1:  layout_caves
Slime:2:  layout_caves
Slime:3:  layout_caves
Slime:4:  layout_caves, cheibrodos_slime_lost_civilization_7, uniq_dissolution
Slime:5
Orc:1:    layout_caves
Orc:2:    st_orc_congregation, layout_caves, basic_altar
Elf:1:    layout_geoelf_octagon, minmay_elf_demonology, uniq_jorgrun, uniq_agnes
Elf:2:    layout_geoelf_grid, serial_shops, shop,
          amcnicky_altar_lugonu_corruption
Elf:3:    minmay_elf_hall, layout_gridlike, serial_sigils_hangedman_quiver,
          minmay_misc_feat_cross, uniq_saint_roka
Vaults:1: nicolae_vaults_little_squares_2, st_octagons_2,
          nicolae_vaults_circle_grid_b, serial_ice_g, vaults_room_door_hall,
          vaults_mumra_minichess, v_alt_pattern_4, ontoclasm_vaults_misaligned,
          nicolae_vaults_network_s, layout_vaults_omnigrid, serial_shops,
          bzr_entry_dummy, shop, nicolae_shop_trees, nicolae_shop_statue_plus
Vaults:2: ontoclasm_vaults_chip, nicolae_vaults_big_angled_halls,
          ontoclasm_vaults_twist, v_misc_26, hangedman_vaults_restitches,
          layout_vaults_big_room
Vaults:3: minmay_crypt_entry_simple_sparse, nicolae_vaults_alarming,
          nicolae_vaults_little_squares_5, v_misc_24, v_misc_12,
          ontoclasm_vaults_decontamination, v_alt_pattern_4,
          nicolae_vaults_network_quincunx
          [nicolae_vaults_network_quincunx_subvault,
          nicolae_vaults_network_quincunx_subvault,
          nicolae_vaults_network_quincunx_subvault,
          nicolae_vaults_network_quincunx_subvault,
          nicolae_vaults_network_quincunx_subvault], v_misc_9,
          vaults_room_large_hall, vaults_room_large_hall, vaults_dpeg_diagonal,
          nicolae_vaults_arrows, v_pattern_1, st_smaller_cells,
          layout_vaults_omnibox, serial_shops, nicolae_shop_crystal
Vaults:4: st_quartered_hall, grunt_vaults_hallway_short, ontoclasm_vaults_eye,
          vaults_mumra_lcd, nicolae_vaults_little_squares_3, v_misc_11,
          vaults_room_octagon, v_pattern_3, nicolae_vaults_mini_display_case,
          ontoclasm_vaults_chip, layout_vaults_omnicross
Vaults:5: uniq_bai_suzhen
Crypt:1:  layout_rooms, grunt_ministairs_7, grunt_crypt_arrival_split,
          grunt_megastairs_2
Crypt:2:  layout_misc_corridors, minmay_misc_feat_alley,
          roderic_lattice_octagonal_star, uniq_sojobo, uniq_boris
Crypt:3:  evilmike_haunted_forest
Depths:1: layout_cave_pools, serial_shops, nicolae_shop_behind_doors,
          okawaru_ov_weapons_minmay, hell_entry, water_maze_lemuel
Depths:2: minmay_the_grid_octo_2x2 [minmay_the_grid_octo_odd_swirl,
          minmay_the_grid_octo_fan_narrow, minmay_the_grid_octo_focus,
          minmay_the_grid_octo_prize_star], layout_basic, enter_ziggurat_a,
          serial_shops, nicolae_shop_crystal, shop, shop_statue,
          kennysheep_little_box, hell_entry, serial_sigils_hangedman_leer
Depths:3: minmay_imperfect_grid, layout_cave_shapes, hell_entry, special_room
          [special_room_jelly], pan_entry, hangedman_stitches_earthworm,
          minmay_staircase_bubble
Depths:4: cheibrodos_cascadia, layout_gridlike, grunt_pan_entry_zigzag,
          abyss_entry, serial_bayou_pond_d, pf_hell_entry_great_geh,
          serial_shops, kennysheep_mini_moat, infiniplex_staircase_pool_2,
          uniq_jory, uniq_enchantress
Depths:5: grunt_zot_entry_tricorne, layout_basic, pf_coc_iceberg,
          nicolae_abyss_entry_one_way_or_another
Hell
Coc:1:    layout_cocytus_water_paths
Coc:2:    layout_cocytus_delve, nicolae_coc_three_mouths
Coc:4:    layout_ice_bergs
Coc:5:    layout_ice_bergs
Tar:1:    layout_grid_maze
Tar:2:    grunt_deathspiral_small, layout_cathedral_of_symmetry
Tar:3:    layout_grid_maze
Zot:1:    layout_basic, bh_zot_levy_curve
Zot:2:    layout_misc_corridors
Zot:3:    layout_basic, guppyfry_library_mini
Zot:4:    layout_misc_corridors, skrybe_zot_glass_2
Zot:5:    layout_basic

Skill      XL: |  1  2  3  4  5  6  7  8  9 10 11 12 13 14 15 16 17 18 19 20 21 22 23 24 25 26 27 |
---------------+----------------------------------------------------------------------------------+-----
Transmutations | 1 2 3 |  3.7
Spellcasting   | 3 4 5 6 7 8 9 10 11 12 13 14 15 16 17 18 19 | 19.7
Poison Magic   | 4 5 |  5.1
Fighting       | 2 4 6 8 9 10 11 12 13 14 15 16 17 18 19 21 | 21.3
Axes           | 2 4 5 6 |  6.1
Dodging        | 2 3 5 6 8 9 10 11 12 13 14 15 16 18 | 18.1
Shields        | 1 5 |  5.3
Conjurations   | 2 4 6 7 9 10 11 12 13 14 15 16 | 16.4
Fire Magic     | 2 4 5 7 8 9 10 11 12 13 15 | 15.8
Invocations    | 1 5 7 9 11 12 13 14 15 16 17 19 20 | 20.9
Maces & Flails | 3 5 6 7 9 10 11 12 13 | 13.5
Armour         | 2 4 6 7 8 9 10 | 10.9
Evocations     | 1 4 6 7 |  7.6
Summonings     | 1 4 6 |  6.5
Stealth        | 2 6 7 9 10 12 14 | 14.2
Earth Magic    | 3 |  3.4
Air Magic      | 1 |  1.5

Action                   |  1- 3 |  4- 6 |  7- 9 | 10-12 | 13-15 | 16-18 | 19-21 | 22-24 | 25-27 || total
-------------------------+-------+-------+-------+-------+-------+-------+-------+-------+-------++-------
Melee: Whip              |    19 |       |    63 |   179 |       |       |       |       |       ||   261
       Hand axe          |       |   174 |   179 |       |       |       |       |       |       ||   353
       Headbutt          |       |    20 |    55 |    98 |   190 |   222 |   252 |   316 |   713 ||  1866
       War axe           |       |       |       |   126 |       |       |       |       |       ||   126
       Eveningstar       |       |       |       |    62 |       |       |       |       |       ||    62
       Mace              |       |       |       |   113 |   799 |   998 |  1280 |  1042 |  2021 ||  6253
       Morningstar       |       |       |       |       |       |    87 |     6 |       |   343 ||   436
 Cast: Sting             |    20 |    11 |    19 |    52 |    25 |     5 |       |       |       ||   132
       Poisonous Vapours |    19 |    52 |   170 |   170 |   121 |   129 |    21 |     1 |     7 ||   690
       Mephitic Cloud    |       |     3 |    13 |    18 |       |       |       |       |       ||    34
       Ignite Poison     |       |     2 |     6 |     6 |       |     1 |       |       |       ||    15
       Olgreb's Toxic Ra |       |       |       |    40 |   142 |   214 |   106 |    43 |    34 ||   579
       Sticky Flame      |       |       |       |    12 |    28 |    44 |    12 |     4 |    53 ||   153
       Fireball          |       |       |       |    18 |    96 |   141 |    37 |    78 |    90 ||   460
       Eringya's Noxious |       |       |       |       |     4 |     3 |     2 |       |       ||     9
       Alistair's Intoxi |       |       |       |       |     1 |       |       |       |       ||     1
       Bolt of Magma     |       |       |       |       |       |    22 |   160 |   294 |   423 ||   899
       Spellforged Servi |       |       |       |       |       |       |     4 |     4 |    12 ||    20
       Ignition          |       |       |       |       |       |       |       |       |    24 ||    24
Invok: Shadow Form       |       |       |       |       |       |     1 |       |       |       ||     1
       Shadow Step       |       |       |       |       |       |       |       |     1 |       ||     1
Evoke: Wand              |       |       |    11 |     3 |    14 |     2 |       |     2 |    11 ||    43
       Lightning rod     |       |       |       |     5 |       |     7 |     7 |       |     4 ||    23
       Phial of floods   |       |       |       |     1 |     1 |     1 |       |       |     1 ||     4
       Tin of tremorston |       |       |       |       |       |       |     2 |       |       ||     2
       Condenser vane    |       |       |       |       |       |       |     1 |       |     2 ||     3
       Phantom mirror    |       |       |       |       |       |       |       |       |     1 ||     1
  Use: Scroll            |       |     8 |    16 |     4 |    13 |     5 |       |     3 |    10 ||    59
       Potion            |       |     1 |       |     4 |     2 |     9 |     3 |     3 |    25 ||    47
 Stab: Invisible         |       |     4 |       |       |       |     6 |       |       |       ||    10
       Confused          |       |       |     9 |     2 |       |       |       |       |       ||    11
       Sleeping          |       |       |     1 |     4 |    12 |     2 |    16 |     9 |    21 ||    65
       Distracted        |       |       |       |     2 |     1 |     3 |     3 |     5 |    19 ||    33
       Petrified         |       |       |       |       |       |     1 |       |       |       ||     1
       Held in net/web   |       |       |       |       |       |     1 |       |       |       ||     1
Armor: Robe              |     3 |    24 |    16 |    48 |   152 |   262 |   161 |    55 |       ||   721
       Acid dragon scale |       |       |       |       |       |       |       |    85 |   512 ||   597
Dodge: Dodged            |    20 |   175 |   183 |   379 |   655 |  1318 |   932 |   796 |  2899 ||  7357
       Repelled          |       |       |       |       |       |       |    12 |    10 |    46 ||    68
Block: Other             |       |       |    14 |    32 |       |       |       |       |       ||    46
       Buckler           |       |       |       |   176 |   478 |   892 |   541 |   450 |  1527 ||  4064

Table legend: (Time is in decaauts)
 A = Elapsed time spent in this place.
 B = Non-inter-level travel time spent in this place.
 C = Inter-level travel time spent in this place.
 D = Time resting spent in this place.
 E = Time spent auto-exploring this place.
 F = Levels seen in this place.
 G = Mean time per level.
                   A        B        C        D        E       F      G
               +--------+--------+--------+--------+--------+-----+--------+
         Total | 111588 | 106160 |   5428 |   4432 |  80478 |  75 | 1487.8 |
       Dungeon |  24315 |  22227 |   2088 |      0 |  18767 |  15 | 1621.0 |
        Temple |     77 |     49 |     28 |      0 |     45 |   1 |   77.0 |
          Lair |  11456 |  10762 |    694 |    122 |   9197 |   6 | 1909.3 |
        Shoals |   8093 |   7939 |    154 |    307 |   6177 |   4 | 2023.2 |
   Spider Nest |   9541 |   9259 |    282 |    575 |   7250 |   4 | 2385.2 |
    Slime Pits |    878 |    869 |      9 |    323 |     46 |   5 |  175.6 |
  Orcish Mines |   2166 |   2058 |    108 |      0 |   1560 |   2 | 1083.0 |
   Elven Halls |   6533 |   6365 |    168 |     22 |   5240 |   3 | 2177.7 |
        Vaults |  12515 |  11819 |    696 |    636 |   8776 |   5 | 2503.0 |
         Crypt |   5927 |   5730 |    197 |      0 |   4649 |   3 | 1975.7 |
        Depths |  12638 |  11965 |    673 |    373 |   9649 |   5 | 2527.6 |
          Hell |   2461 |   2380 |     81 |    124 |   1823 |   1 | 2461.0 |
       Cocytus |    259 |    256 |      3 |      0 |      0 |   4 |   64.8 |
      Tartarus |    785 |    694 |     91 |      0 |     88 |   3 |  261.7 |
           Zot |   5156 |   5005 |    151 |   1708 |   1700 |   5 | 1031.2 |
         Abyss |   3300 |   3300 |      0 |      0 |   1522 |   4 |  825.0 |
        Bazaar |    243 |    243 |      0 |      0 |    208 |   1 |  243.0 |
         Sewer |    629 |    629 |      0 |      0 |    481 |   1 |  629.0 |
       Ossuary |   2168 |   2168 |      0 |      0 |   1661 |   1 | 2168.0 |
        Bailey |   1481 |   1481 |      0 |      0 |   1050 |   1 | 1481.0 |
      Gauntlet |    959 |    959 |      0 |    242 |    586 |   1 |  959.0 |
               +--------+--------+--------+--------+--------+-----+--------+

Top non-repeatable levels by time:
Depths:4: 4283 daAuts
Spider:1: 3432 daAuts
Vaults:5: 3412 daAuts
 Crypt:3: 3385 daAuts
  Lair:6: 3238 daAuts
Vaults:3: 3126 daAuts
Spider:3: 3117 daAuts
   Elf:2: 2981 daAuts
Depths:3: 2893 daAuts
Shoals:3: 2844 daAuts
 Abyss:3: 2743 daAuts
Vaults:1: 2686 daAuts
Shoals:2: 2476 daAuts
    Hell: 2461 daAuts
    D:10: 2450 daAuts
